Jets vs Sabres
Created - 23 janvier 2015 at 19:40
Goals
|
| Jets |
2 |
2 |
0 |
0 |
2 |
5 |
| Sabres |
1 |
2 |
1 |
0 |
0 |
4 |
|
Shots
|
| Jets |
17 |
13 |
8 |
6 |
2 |
44 |
| Sabres |
10 |
15 |
8 |
0 |
2 |
33 |
|
1st period
1. Jets , Benoit Pouliot 27 (Derek Roy, Dmitri Kalinin) at 5:35 (PP)
2. Sabres , Ryan Hollweg 17 (Niclas Bergfors, Jiri Hudler) at 10:34
3. Jets , Dmitri Kalinin 2 (Dustin Brown) at 18:15 (PP)
Penalties :
Tomas Kopecky (Buf) for Hooking (Minor) at 4:31, Tomas Kopecky (Buf) for Hooking (Minor) at 11:16, Niclas Bergfors (Buf) for Hooking (Minor) at 17:18, Benoit Pouliot (Win) for Hooking (Minor) at 19:29
2nd period
4. Sabres , Steve Downie 18 (Niclas Bergfors, Ryan Hollweg) at 7:14
5. Jets , Benoit Pouliot 28 (Derek Roy, Dustin Brown) at 8:48 (PP)
6. Jets , Jussi Jokinen 13 (Mikko Koivu, Michal Rozsival) at 12:05 (PP)
7. Sabres , Derick Brassard 17 (Niclas Bergfors, Ryan Hollweg) at 15:26 (PP)
Penalties :
Kyle Calder (Buf) for Hooking (Minor) at 8:23, Steve Downie (Buf) for Delaying the game (Minor) at 11:02, Dustin Brown (Win) for High sticking (Minor) at 15:14
3rd period
8. Sabres , Kyle Calder 10 (Jiri Hudler, Joni Pitkanen) at 19:15 (PP)
Penalties :
James Neal (Buf) for Tripping (Minor) at 1:54, Fredrik Sjostrom (Win) for Hooking (Minor) at 18:52, Derick Brassard (Buf) for Roughing (Minor) at 19:53
Overtime #1
No Goal
Penalties :
Dustin Brown (Win) for Roughing (Minor) at 1:06
Shootout
Penalty Shot by Benoit Pouliot for Jets - Goal!
Penalty Shot by Niclas Bergfors for Sabres - Stopped by Maxime Daigneault
Penalty Shot by Derek Roy for Jets - Goal!
Penalty Shot by Ryan Hollweg for Sabres - Stopped by Maxime Daigneault
Penalties :
No Penalty
Goalie Stats
Maxime Daigneault (Win), 29 saves from 33 shots - (0,879), W, 13-15-2, 65:00 minutes
Nikolai Khabibulin (Buf), 40 saves from 44 shots - (0,909), OTL, 3-5-2, 64:58 minutes
Players Stats for Jets
Player Name G A P +/- PIM S H SB GA TA FO MP PP MP PK MP
------------------------------------------------------------------------------------
Adam Burish 0 0 0 -1 0 2 2 1 0 1 1/2 17:39 2:18 1:53
Benoit Pouliot 2 0 2 0 2 8 2 0 0 1 5/7 24:18 5:15 0:00
Colin White 0 0 0 -2 0 1 0 0 0 1 0/0 13:30 0:00 0:55
Darroll Powe 0 0 0 -1 0 0 0 0 0 0 1/4 8:15 0:00 0:00
Derek Roy 0 2 2 0 0 3 1 0 1 0 26/41 26:35 5:15 2:35
Dmitri Kalinin 1 1 2 0 0 2 2 6 0 0 0/0 31:00 4:41 2:06
Dustin Brown 0 2 2 0 4 1 1 0 1 0 0/0 22:10 5:15 0:00
Eric Fehr 0 0 0 0 0 2 1 0 0 0 0/0 11:43 0:00 0:00
Fredrik Sjostrom 0 0 0 0 2 1 1 0 0 0 0/1 12:57 0:00 0:43
Greg Campbell 0 0 0 0 0 3 0 0 0 0 3/7 12:49 0:00 0:38
Jussi Jokinen 1 0 1 -1 0 5 0 0 1 0 0/0 16:15 2:18 0:17
Marek Zidlicky 0 0 0 0 0 3 1 1 2 0 0/0 20:30 2:52 0:46
Michal Rozsival 0 1 1 0 0 2 1 3 1 1 0/0 31:00 4:41 2:06
Mikko Koivu 0 1 1 -1 0 9 0 0 0 0 6/13 16:44 2:18 0:09
Ryan Callahan 0 0 0 -1 0 0 1 0 1 0 0/0 8:15 0:00 0:00
Tom Preissing 0 0 0 0 0 0 0 1 0 1 0/0 21:33 2:52 1:41
Tuomo Ruutu 0 0 0 -1 0 1 0 1 1 0 0/0 8:38 0:00 0:15
Zbynek Michalek 0 0 0 -2 0 1 0 0 0 0 0/0 12:27 0:00 0:00
Players Stats for Sabres
Player Name G A P +/- PIM S H SB GA TA FO MP PP MP PK MP
------------------------------------------------------------------------------------
Derick Brassard 1 0 1 1 2 4 2 1 0 0 13/25 21:27 1:24 1:55
James Neal 0 0 0 1 2 2 0 0 0 0 0/0 14:19 0:00 0:13
Jiri Hudler 0 2 2 0 0 2 3 0 1 0 6/16 19:23 1:10 1:55
Joni Pitkanen 0 1 1 0 0 5 1 0 0 1 0/0 32:26 1:44 5:30
Kyle Calder 1 0 1 0 2 1 2 0 0 0 0/0 16:36 1:10 0:11
Mats Sundin 0 0 0 0 0 0 1 0 0 0 1/2 4:56 0:00 0:00
Mike Fisher 0 0 0 1 0 3 1 0 0 1 4/8 14:57 0:00 1:17
Nathan Dempsey 0 0 0 2 0 0 3 0 1 1 0/0 19:31 0:50 3:10
Nathan Paetsch 0 0 0 2 0 0 0 3 0 0 0/0 19:31 0:50 3:10
Niclas Bergfors 0 3 3 1 2 6 4 1 1 1 6/18 29:19 1:24 5:11
Ole-Kristian Tollefsen 0 0 0 0 0 1 0 1 0 3 0/0 28:39 1:44 5:30
Richard Lintner 0 0 0 0 0 1 1 2 0 0 0/0 13:03 0:00 0:00
Ryan Hollweg 1 2 3 1 0 3 4 2 0 1 3/5 29:41 1:24 5:31
Steve Downie 1 0 1 1 2 3 2 0 0 0 0/1 14:45 0:00 0:00
Todd White 0 0 0 0 0 0 0 0 0 0 0/0 0:00 0:00 0:00
Tomas Kloucek 0 0 0 0 0 0 0 1 0 0 0/0 3:47 0:00 0:00
Tomas Kopecky 0 0 0 0 4 1 4 0 2 0 0/0 16:22 1:10 0:00
Tyler Sloan 0 0 0 0 0 1 0 2 0 0 0/0 13:03 0:00 0:00
3 Stars
1 - Ryan Hollweg (Buf)
2 - Dmitri Kalinin (Win)
3 - Niclas Bergfors (Buf)
Power Play
Jets - 4 on 7 Attempt(s) - 57,14%
Sabres - 2 on 4 Attempt(s) - 50,00%
Penalty Kill
Jets - 2 on 4 Attempt(s) - 50,00%
- Score 0 goal in Penalty Kill
Sabres - 3 on 7 Attempt(s) - 42,86%
- Score 0 goal in Penalty Kill
Team Stat
Jets - Hits : 13 - Faceoff Wins : 42 - Blocked Shots : 13 - Penalty Minutes : 8
Sabres - Hits : 28 - Faceoff Wins : 33 - Blocked Shots : 13 - Penalty Minutes : 14
Official
Referees : Banfield David and Ciamaga Chris
Linesman : Lyle Seitz and Greg Devorski
Game Notes
3:51 of 1st period - Jets goal is going for a video replay. After video review, No Goal. The puck has entered the net after making contact with an attacking player’s stick that is above the height of the crossbar.
7:14 of 2nd period - Sabres goal is going for a video replay. After video review, Goal.
Finance
Level 1 -- Attendance: 5399 (89,98%) -- Ticket Income 464 314 $
Level 2 -- Attendance: 4885 (97,70%) -- Ticket Income 258 905 $
Level 3 -- Attendance: 1572 (78,60%) -- Ticket Income 51 876 $
Level 4 -- Attendance: 3028 (75,70%) -- Ticket Income 69 644 $
Luxury Box -- Attendance: 755 (75,50%) -- Ticket Income 128 350 $
Game was played at the Duff Garden'
Total Attendance: 15639 (86,88%)
Total Ticket Income: 973 089 $
Other Income: 145 963 $
Total Income: 1 119 052 $
Jets
5 vs 5 Forward
Center Left Wing Right Wing Time % Phy DF OF
1 Derek Roy Benoit Pouliot Dustin Brown 39 1 2 2
2 Mikko Koivu Jussi Jokinen Adam Burish 28 1 2 2
3 Greg Campbell Fredrik Sjostrom Eric Fehr 23 1 2 2
4 Darroll Powe Tuomo Ruutu Ryan Callahan 10 1 2 2
5 vs 5 Defense
Defense Defense Time % Phy DF OF
1 Michal Rozsival Dmitri Kalinin 40 1 2 2
2 Marek Zidlicky Tom Preissing 30 1 2 2
3 Colin White Zbynek Michalek 20 1 2 2
4 Michal Rozsival Dmitri Kalinin 10 1 2 2
PowerPlay Forward
Center Left Wing Right Wing Time % Phy DF OF
1 Derek Roy Benoit Pouliot Dustin Brown 60 1 1 3
2 Mikko Koivu Jussi Jokinen Adam Burish 40 1 1 3
PowerPlay Defense
Defense Defense Time % Phy DF OF
1 Michal Rozsival Dmitri Kalinin 60 1 1 3
2 Marek Zidlicky Tom Preissing 40 1 1 3
Penalty Kill 4 Players Forward
Center Wing Time % Phy DF OF
1 Derek Roy Adam Burish 60 1 3 1
2 Greg Campbell Tuomo Ruutu 40 1 3 1
Penalty Kill 4 Players Defense
Defense Defense Time % Phy DF OF
1 Dmitri Kalinin Michal Rozsival 60 1 4 0
2 Colin White Tom Preissing 40 1 4 0
Penalty Kill - 3 Players Forward
Forward Time % Phy DF OF
1 Derek Roy 60 0 4 1
2 Greg Campbell 40 0 4 1
Penalty Kill - 3 Players Defense
Defense Defense Time % Phy DF OF
1 Dmitri Kalinin Michal Rozsival 60 1 4 0
2 Tom Preissing Marek Zidlicky 40 1 4 0
4 vs 4 Forward
Center Wing Time % Phy DF OF
1 Derek Roy Benoit Pouliot 60 1 2 2
2 Mikko Koivu Dustin Brown 40 1 2 2
4 vs 4 Defense
Defense Defense Time % Phy DF OF
1 Dmitri Kalinin Michal Rozsival 60 1 2 2
2 Marek Zidlicky Tom Preissing 40 1 2 2
Last Minutes Offensive
Center Left Wing Right Wing Defense Defense
Derek Roy Benoit Pouliot Dustin Brown Dmitri Kalinin Michal Rozsival
Last Minutes Defensive
Center Left Wing Right Wing Defense Defense
Greg Campbell Tuomo Ruutu Adam Burish Dmitri Kalinin Michal Rozsival
Goaltenders
Starting : Maxime Daigneault
Backup : Ilya Bryzgalov
Extra Forwards
Normal : Greg Campbell, Derek Roy, Fredrik Sjostrom - PP : Greg Campbell, Derek Roy - PK : Fredrik Sjostrom
Extra Defensemen
Normal : Tom Preissing, Dmitri Kalinin, Michal Rozsival - PP : Michal Rozsival - PK : Michal Rozsival, Dmitri Kalinin
Penalty Shots
Benoit Pouliot, Derek Roy, Mikko Koivu, Greg Campbell, Adam Burish
Sabres
5 vs 5 Forward
Center Left Wing Right Wing Time % Phy DF OF
1 Derick Brassard Ryan Hollweg Niclas Bergfors 40 1 2 2
2 Jiri Hudler Kyle Calder Tomas Kopecky 30 1 2 2
3 Mike Fisher James Neal Steve Downie 20 1 2 2
4 Mats Sundin Niclas Bergfors Ryan Hollweg 10 1 2 2
5 vs 5 Defense
Defense Defense Time % Phy DF OF
1 Joni Pitkanen Ole-Kristian Tollefsen 40 1 2 2
2 Nathan Dempsey Nathan Paetsch 30 1 2 2
3 Tyler Sloan Richard Lintner 20 1 2 2
4 Tomas Kloucek Joni Pitkanen 10 1 2 2
PowerPlay Forward
Center Left Wing Right Wing Time % Phy DF OF
1 Derick Brassard Ryan Hollweg Niclas Bergfors 60 1 2 2
2 Jiri Hudler Kyle Calder Tomas Kopecky 40 1 2 2
PowerPlay Defense
Defense Defense Time % Phy DF OF
1 Joni Pitkanen Ole-Kristian Tollefsen 60 1 2 2
2 Nathan Dempsey Nathan Paetsch 40 1 2 2
Penalty Kill 4 Players Forward
Center Wing Time % Phy DF OF
1 Niclas Bergfors Ryan Hollweg 60 1 2 2
2 Derick Brassard Jiri Hudler 40 1 2 2
Penalty Kill 4 Players Defense
Defense Defense Time % Phy DF OF
1 Joni Pitkanen Ole-Kristian Tollefsen 60 1 2 2
2 Nathan Dempsey Nathan Paetsch 40 1 2 2
Penalty Kill - 3 Players Forward
Forward Time % Phy DF OF
1 Niclas Bergfors 60 1 2 2
2 Ryan Hollweg 40 1 2 2
Penalty Kill - 3 Players Defense
Defense Defense Time % Phy DF OF
1 Joni Pitkanen Ole-Kristian Tollefsen 60 1 2 2
2 Nathan Dempsey Nathan Paetsch 40 1 2 2
4 vs 4 Forward
Center Wing Time % Phy DF OF
1 Niclas Bergfors Ryan Hollweg 60 1 2 2
2 Derick Brassard Jiri Hudler 40 1 2 2
4 vs 4 Defense
Defense Defense Time % Phy DF OF
1 Joni Pitkanen Ole-Kristian Tollefsen 60 1 2 2
2 Nathan Dempsey Nathan Paetsch 40 1 2 2
Last Minutes Offensive
Center Left Wing Right Wing Defense Defense
Derick Brassard Ryan Hollweg Niclas Bergfors Joni Pitkanen Ole-Kristian Tollefsen
Last Minutes Defensive
Center Left Wing Right Wing Defense Defense
Derick Brassard Ryan Hollweg Niclas Bergfors Joni Pitkanen Ole-Kristian Tollefsen
Goaltenders
Starting : Nikolai Khabibulin
Backup : Michal Neuvirth
Extra Forwards
Normal : Steve Downie, James Neal, Mike Fisher - PP : Steve Downie, James Neal - PK : Mike Fisher
Extra Defensemen
Normal : Tyler Sloan, Richard Lintner, Tomas Kloucek - PP : Tyler Sloan - PK : Richard Lintner, Tomas Kloucek
Penalty Shots
Niclas Bergfors, Ryan Hollweg, Derick Brassard, Jiri Hudler, Tomas Kopecky
% Time on Ice - Jets
Lines # - Real PCT - Wanted PCT - Time Play
Normal Forward
1 - 33% - 39% - 16:19
2 - 27% - 28% - 13:28
3 - 24% - 23% - 11:43
4 - 17% - 10% - 8:15
Normal Defense
1 - 40% - 40% - 19:53
2 - 31% - 30% - 15:29
3 - 25% - 20% - 12:27
4 - 4% - 10% - 1:56
PP Forward
1 - 70% - 60% - 5:15
2 - 30% - 40% - 2:18
PP Defense
1 - 62% - 60% - 4:41
2 - 38% - 40% - 2:52
PK Forward
1 - 90% - 60% - 2:19
2 - 10% - 40% - 0:15
PK Defense
1 - 64% - 60% - 1:39
2 - 36% - 40% - 0:55
PK3 Forward
1 - 68% - 60% - 0:50
2 - 32% - 40% - 0:23
PK3 Defense
1 - 37% - 60% - 0:27
2 - 63% - 40% - 0:46
44 Forward
1 - 75% - 60% - 2:50
2 - 25% - 40% - 0:57
44 Defense
1 - 63% - 60% - 2:24
2 - 37% - 40% - 1:23
Last Minute Offensive - 0:00
Last Minute Defensive - 0:08
Total
Forward - 65:00
Defense - 65:00
|
% Time on Ice - Sabres
Lines # - Real PCT - Wanted PCT - Time Play
Normal Forward
1 - 33% - 40% - 16:21
2 - 31% - 30% - 15:29
3 - 26% - 20% - 13:00
4 - 10% - 10% - 4:56
Normal Defense
1 - 38% - 40% - 19:03
2 - 28% - 30% - 14:00
3 - 26% - 20% - 12:56
4 - 8% - 10% - 3:47
PP Forward
1 - 55% - 60% - 1:24
2 - 45% - 40% - 1:10
PP Defense
1 - 68% - 60% - 1:44
2 - 32% - 40% - 0:50
PK Forward
1 - 75% - 60% - 5:38
2 - 25% - 40% - 1:55
PK Defense
1 - 63% - 60% - 4:46
2 - 37% - 40% - 2:47
PK3 Forward
1 - 70% - 60% - 0:47
2 - 30% - 40% - 0:20
PK3 Defense
1 - 66% - 60% - 0:44
2 - 34% - 40% - 0:23
44 Forward
1 - 79% - 60% - 3:05
2 - 21% - 40% - 0:48
44 Defense
1 - 61% - 60% - 2:22
2 - 39% - 40% - 1:31
Last Minute Offensive - 0:07
Last Minute Defensive - 0:00
Total
Forward - 65:00
Defense - 65:00
|
Play by Play
1st period
0:01 of 1st period - Derek Roy wins face-off versus Ryan Hollweg in neutral zone.
0:41 of 1st period - Dmitri Kalinin is hit by Jiri Hudler and loses puck.
1:24 of 1st period - Tom Preissing is hit by Richard Lintner and loses puck.
1:39 of 1st period - Snap shot by Greg Campbell.
1:39 of 1st period - Stopped by Nikolai Khabibulin without a rebound.
1:40 of 1st period - Benoit Pouliot wins face-off versus Jiri Hudler in Sabres zone.
2:28 of 1st period - Snap shot by Mikko Koivu.
2:28 of 1st period - Shot Misses the Net.
2:30 of 1st period - Slapshot by Colin White.
2:30 of 1st period - Shot Blocked by Tyler Sloan.
2:32 of 1st period - Wrist shot by Jussi Jokinen.
2:32 of 1st period - Stopped by Nikolai Khabibulin with a rebound.
2:34 of 1st period - Backhand shot by Zbynek Michalek.
2:34 of 1st period - Deflect By Mikko Koivu.
2:34 of 1st period - Stopped by Nikolai Khabibulin without a rebound.
2:35 of 1st period - Derek Roy wins face-off versus Derick Brassard in Sabres zone.
3:35 of 1st period - Slapshot by Joni Pitkanen.
3:35 of 1st period - Shot Blocked by Tom Preissing.
3:49 of 1st period - Snap shot by Michal Rozsival.
3:49 of 1st period - Shot Blocked by Tomas Kloucek.
3:51 of 1st period - Snap shot by Eric Fehr.
3:51 of 1st period - Jets goal is going for a video replay.
3:51 of 1st period - The goal is refused. The puck has entered the net after making contact with an attacking player’s stick that is above the height of the crossbar..
3:52 of 1st period - Derick Brassard wins face-off versus Greg Campbell in Sabres zone.
4:16 of 1st period - Snap shot by Greg Campbell.
4:16 of 1st period - Shot Misses the Net.
4:20 of 1st period - Backhand shot by Greg Campbell.
4:20 of 1st period - Shot Misses the Net.
4:22 of 1st period - Slapshot by Zbynek Michalek.
4:22 of 1st period - Shot Blocked by Nathan Paetsch.
4:26 of 1st period - Slapshot by Greg Campbell.
4:26 of 1st period - Stopped by Nikolai Khabibulin with a rebound.
4:28 of 1st period - Slapshot by Eric Fehr.
4:28 of 1st period - Stopped by Nikolai Khabibulin without a rebound.
4:29 of 1st period - Jiri Hudler wins face-off versus Benoit Pouliot in Sabres zone.
4:31 of 1st period - Minor Penalty to Tomas Kopecky for Hooking.
4:32 of 1st period - Derek Roy wins face-off versus Niclas Bergfors in Sabres zone.
4:40 of 1st period - Snap shot by Derek Roy.
4:40 of 1st period - Stopped by Nikolai Khabibulin without a rebound.
4:41 of 1st period - Derek Roy wins face-off versus Niclas Bergfors in Sabres zone.
4:58 of 1st period - Snap shot by Derek Roy.
4:58 of 1st period - Shot Blocked by Ryan Hollweg.
5:35 of 1st period - Snap shot by Benoit Pouliot.
5:35 of 1st period - Goal by Benoit Pouliot - Jets : 1 - Sabres : 0.
5:36 of 1st period - Mikko Koivu wins face-off versus Jiri Hudler in neutral zone.
5:43 of 1st period - Wrist shot by Mikko Koivu.
5:43 of 1st period - Shot Blocked by Tyler Sloan.
5:45 of 1st period - Snap shot by Mikko Koivu.
5:45 of 1st period - Stopped by Nikolai Khabibulin with a rebound.
5:47 of 1st period - Slapshot by Marek Zidlicky.
5:47 of 1st period - Shot Misses the Net.
5:49 of 1st period - Slapshot by Marek Zidlicky.
5:49 of 1st period - Shot Misses the Net.
5:51 of 1st period - Slapshot by Marek Zidlicky.
5:51 of 1st period - Stopped by Nikolai Khabibulin with a rebound.
6:21 of 1st period - Derick Brassard is hit by Dmitri Kalinin and loses puck.
6:41 of 1st period - Benoit Pouliot is hit by Tomas Kopecky and loses puck.
6:51 of 1st period - Off-side.
6:52 of 1st period - Mike Fisher wins face-off versus Mikko Koivu in neutral zone.
7:05 of 1st period - Snap shot by James Neal.
7:05 of 1st period - Stopped by Maxime Daigneault with a rebound.
7:19 of 1st period - Nathan Dempsey is hit by Marek Zidlicky and loses puck.
7:42 of 1st period - Snap shot by Greg Campbell.
7:42 of 1st period - Shot Blocked by Ole-Kristian Tollefsen.
8:04 of 1st period - Snap shot by Mike Fisher.
8:04 of 1st period - Stopped by Maxime Daigneault with a rebound.
8:06 of 1st period - Slapshot by Joni Pitkanen.
8:06 of 1st period - Deflect By Dmitri Kalinin.
8:06 of 1st period - Stopped by Maxime Daigneault with a rebound.
8:38 of 1st period - Benoit Pouliot is hit by Ryan Hollweg and loses puck.
8:54 of 1st period - Wrist shot by Greg Campbell.
8:54 of 1st period - Stopped by Nikolai Khabibulin with a rebound.
10:00 of 1st period - Icing by Nathan Paetsch.
10:01 of 1st period - Derek Roy wins face-off versus Jiri Hudler in Sabres zone.
10:02 of 1st period - Snap shot by Benoit Pouliot.
10:02 of 1st period - Stopped by Nikolai Khabibulin with a rebound.
10:04 of 1st period - Slapshot by Colin White.
10:04 of 1st period - Stopped by Nikolai Khabibulin with a rebound.
10:06 of 1st period - Slapshot by Colin White.
10:06 of 1st period - Shot Blocked by Nathan Paetsch.
10:16 of 1st period - Slapshot by Benoit Pouliot.
10:16 of 1st period - Stopped by Nikolai Khabibulin with a rebound.
10:34 of 1st period - Snap shot by Ryan Hollweg.
10:34 of 1st period - Goal by Ryan Hollweg - Jets : 1 - Sabres : 1.
10:35 of 1st period - Derick Brassard wins face-off versus Derek Roy in neutral zone.
11:01 of 1st period - Tom Preissing is hit by Jiri Hudler and loses puck.
11:16 of 1st period - Minor Penalty to Tomas Kopecky for Hooking.
11:17 of 1st period - Derek Roy wins face-off versus Niclas Bergfors in Sabres zone.
11:28 of 1st period - Wrist shot by Derek Roy.
11:28 of 1st period - Stopped by Nikolai Khabibulin with a rebound.
12:55 of 1st period - Backhand shot by Mike Fisher.
12:55 of 1st period - Deflect By James Neal.
12:55 of 1st period - Shot Misses the Net.
12:55 of 1st period - Puck is out of play.
12:56 of 1st period - Benoit Pouliot wins face-off versus Derick Brassard in Jets zone.
13:16 of 1st period - Penalty to Tomas Kopecky is over, Tomas Kopecky is back on ice.
13:27 of 1st period - Snap shot by Mike Fisher.
13:27 of 1st period - Shot Blocked by Dmitri Kalinin.
13:49 of 1st period - Colin White is hit by Kyle Calder.
15:45 of 1st period - Snap shot by Michal Rozsival.
15:45 of 1st period - Shot Blocked by Richard Lintner.
16:31 of 1st period - Snap shot by Tomas Kopecky.
16:31 of 1st period - Stopped by Maxime Daigneault without a rebound.
16:32 of 1st period - Jiri Hudler wins face-off versus Derek Roy in Jets zone.
16:59 of 1st period - Adam Burish is hit by Ryan Hollweg and loses puck.
17:18 of 1st period - Minor Penalty to Niclas Bergfors for Hooking.
17:19 of 1st period - Derek Roy wins face-off versus Mike Fisher in Sabres zone.
17:35 of 1st period - Icing by Michal Rozsival.
17:36 of 1st period - Mike Fisher wins face-off versus Derek Roy in Jets zone.
17:37 of 1st period - Slapshot by Joni Pitkanen.
17:37 of 1st period - Stopped by Maxime Daigneault with a rebound.
18:15 of 1st period - Slapshot by Dmitri Kalinin.
18:15 of 1st period - Goal by Dmitri Kalinin - Jets : 2 - Sabres : 1.
18:16 of 1st period - Derick Brassard wins face-off versus Mikko Koivu in neutral zone.
18:23 of 1st period - Snap shot by Niclas Bergfors.
18:23 of 1st period - Stopped by Maxime Daigneault with a rebound.
18:25 of 1st period - Snap shot by Joni Pitkanen.
18:25 of 1st period - Deflect By Derick Brassard.
18:25 of 1st period - Shot Blocked by Adam Burish.
18:25 of 1st period - Puck is out of play.
18:26 of 1st period - Mikko Koivu wins face-off versus Derick Brassard in Jets zone.
18:26 of 1st period - Mikko Koivu is hit by Joni Pitkanen.
18:36 of 1st period - Snap shot by Jussi Jokinen.
18:36 of 1st period - Stopped by Nikolai Khabibulin with a rebound.
18:44 of 1st period - Slapshot by Ole-Kristian Tollefsen.
18:44 of 1st period - Shot Misses the Net.
18:46 of 1st period - Slapshot by Niclas Bergfors.
18:46 of 1st period - Stopped by Maxime Daigneault with a rebound.
18:56 of 1st period - Wrist shot by Derick Brassard.
18:56 of 1st period - Stopped by Maxime Daigneault with a rebound.
19:24 of 1st period - Slapshot by Derick Brassard.
19:24 of 1st period - Shot Blocked by Dmitri Kalinin.
19:26 of 1st period - Snap shot by Ryan Hollweg.
19:26 of 1st period - Stopped by Maxime Daigneault without a rebound.
19:27 of 1st period - Derek Roy wins face-off versus Jiri Hudler in Jets zone.
19:29 of 1st period - Minor Penalty to Benoit Pouliot for Hooking.
19:30 of 1st period - Derek Roy wins face-off versus Jiri Hudler in Jets zone.
Goals for this period are 2 for Jets vs 1 for Sabres.
Shots for this period are 17 for Jets vs 10 for Sabres.
2nd period
0:01 of 2nd period - Derick Brassard wins face-off versus Adam Burish in neutral zone.
0:06 of 2nd period - Wrist shot by Ryan Hollweg.
0:06 of 2nd period - Shot Blocked by Dmitri Kalinin.
0:33 of 2nd period - Wrist shot by Kyle Calder.
0:33 of 2nd period - Shot Blocked by Dmitri Kalinin.
0:35 of 2nd period - Slapshot by Ole-Kristian Tollefsen.
0:35 of 2nd period - Shot Misses the Net.
0:37 of 2nd period - Snap shot by Joni Pitkanen.
0:37 of 2nd period - Stopped by Maxime Daigneault with a rebound.
0:39 of 2nd period - Slapshot by Tomas Kopecky.
0:39 of 2nd period - Deflect By Michal Rozsival.
0:39 of 2nd period - Shot Blocked by Dmitri Kalinin.
0:39 of 2nd period - Puck is out of play.
0:40 of 2nd period - Derek Roy wins face-off versus Derick Brassard in Jets zone.
0:40 of 2nd period - Derek Roy is hit by Nathan Dempsey.
1:20 of 2nd period - Snap shot by Jussi Jokinen.
1:20 of 2nd period - Shot Blocked by Niclas Bergfors.
1:29 of 2nd period - Penalty to Benoit Pouliot is over, Benoit Pouliot is back on ice.
1:38 of 2nd period - Slapshot by Jussi Jokinen.
1:38 of 2nd period - Shot Misses the Net.
1:40 of 2nd period - Backhand shot by Dmitri Kalinin.
1:40 of 2nd period - Deflect By Fredrik Sjostrom.
1:40 of 2nd period - Shot Blocked by Derick Brassard.
1:40 of 2nd period - Puck is out of play.
1:41 of 2nd period - Derek Roy wins face-off versus Jiri Hudler in Sabres zone.
2:06 of 2nd period - Marek Zidlicky is hit by Steve Downie and loses puck.
3:25 of 2nd period - Icing by Darroll Powe.
3:26 of 2nd period - Mike Fisher wins face-off versus Darroll Powe in Jets zone.
3:29 of 2nd period - Wrist shot by James Neal.
3:29 of 2nd period - Shot Misses the Net.
3:31 of 2nd period - Wrist shot by Steve Downie.
3:31 of 2nd period - Stopped by Maxime Daigneault without a rebound.
3:32 of 2nd period - Derick Brassard wins face-off versus Derek Roy in Jets zone.
4:10 of 2nd period - Nathan Paetsch is hit by Dmitri Kalinin and loses puck.
4:23 of 2nd period - Wrist shot by Mikko Koivu.
4:23 of 2nd period - Shot Misses the Net.
4:25 of 2nd period - Wrist shot by Adam Burish.
4:25 of 2nd period - Stopped by Nikolai Khabibulin without a rebound.
4:26 of 2nd period - Derek Roy wins face-off versus Mike Fisher in Sabres zone.
4:31 of 2nd period - Slapshot by Benoit Pouliot.
4:31 of 2nd period - Deflect By Derek Roy.
4:31 of 2nd period - Shot Misses the Net.
4:31 of 2nd period - Puck is out of play.
4:32 of 2nd period - Benoit Pouliot wins face-off versus Derick Brassard in Sabres zone.
4:41 of 2nd period - Snap shot by Benoit Pouliot.
4:41 of 2nd period - Shot Misses the Net.
4:43 of 2nd period - Snap shot by Derek Roy.
4:43 of 2nd period - Deflect By Benoit Pouliot.
4:43 of 2nd period - Stopped by Nikolai Khabibulin without a rebound.
4:44 of 2nd period - Benoit Pouliot wins face-off versus Derick Brassard in Sabres zone.
5:34 of 2nd period - Derek Roy is hit by Tomas Kopecky and loses puck.
5:51 of 2nd period - Backhand shot by Derick Brassard.
5:51 of 2nd period - Stopped by Maxime Daigneault with a rebound.
6:53 of 2nd period - Ryan Hollweg is hit by Adam Burish and loses puck.
7:12 of 2nd period - Slapshot by Steve Downie.
7:12 of 2nd period - Shot Misses the Net.
7:14 of 2nd period - Wrist shot by Steve Downie.
7:14 of 2nd period - Sabres goal is going for a video replay.
7:14 of 2nd period - The goal is good.
7:14 of 2nd period - Goal by Steve Downie - Jets : 2 - Sabres : 2.
7:15 of 2nd period - Ryan Hollweg wins face-off versus Derek Roy in neutral zone.
7:18 of 2nd period - Benoit Pouliot is hit by Niclas Bergfors.
7:22 of 2nd period - Slapshot by Michal Rozsival.
7:22 of 2nd period - Stopped by Nikolai Khabibulin without a rebound.
7:23 of 2nd period - Derick Brassard wins face-off versus Derek Roy in Sabres zone.
7:47 of 2nd period - Dmitri Kalinin is hit by Ryan Hollweg and loses puck.
8:06 of 2nd period - Snap shot by Derek Roy.
8:06 of 2nd period - Shot Misses the Net.
8:08 of 2nd period - Wrist shot by Dmitri Kalinin.
8:08 of 2nd period - Stopped by Nikolai Khabibulin with a rebound.
8:20 of 2nd period - Wrist shot by Benoit Pouliot.
8:20 of 2nd period - Stopped by Nikolai Khabibulin without a rebound.
8:21 of 2nd period - Jiri Hudler wins face-off versus Mikko Koivu in Sabres zone.
8:23 of 2nd period - Minor Penalty to Kyle Calder for Hooking.
8:24 of 2nd period - Mikko Koivu wins face-off versus Niclas Bergfors in Sabres zone.
8:30 of 2nd period - Wrist shot by Jussi Jokinen.
8:30 of 2nd period - Stopped by Nikolai Khabibulin with a rebound.
8:36 of 2nd period - Wrist shot by Jussi Jokinen.
8:36 of 2nd period - Stopped by Nikolai Khabibulin without a rebound.
8:37 of 2nd period - Derek Roy wins face-off versus Niclas Bergfors in Sabres zone.
8:48 of 2nd period - Snap shot by Benoit Pouliot.
8:48 of 2nd period - Goal by Benoit Pouliot - Jets : 3 - Sabres : 2.
8:49 of 2nd period - Derek Roy wins face-off versus Derick Brassard in neutral zone.
9:38 of 2nd period - Snap shot by Mike Fisher.
9:38 of 2nd period - Shot Misses the Net.
9:40 of 2nd period - Slapshot by Ole-Kristian Tollefsen.
9:40 of 2nd period - Shot Blocked by Tuomo Ruutu.
9:42 of 2nd period - Slapshot by Joni Pitkanen.
9:42 of 2nd period - Deflect By Darroll Powe.
9:42 of 2nd period - Stopped by Maxime Daigneault without a rebound.
9:43 of 2nd period - Darroll Powe wins face-off versus Steve Downie in Jets zone.
10:06 of 2nd period - Snap shot by Steve Downie.
10:06 of 2nd period - Shot Misses the Net.
10:08 of 2nd period - Snap shot by Richard Lintner.
10:08 of 2nd period - Stopped by Maxime Daigneault without a rebound.
10:09 of 2nd period - Derek Roy wins face-off versus Derick Brassard in Jets zone.
10:36 of 2nd period - Jiri Hudler is hit by Eric Fehr and loses puck.
10:43 of 2nd period - Snap shot by Greg Campbell.
10:43 of 2nd period - Shot Misses the Net.
10:54 of 2nd period - Greg Campbell is hit by Mike Fisher and loses puck.
11:02 of 2nd period - Minor Penalty to Steve Downie for Delaying the game.
11:03 of 2nd period - Derek Roy wins face-off versus Niclas Bergfors in Sabres zone.
11:55 of 2nd period - Off-side.
11:56 of 2nd period - Adam Burish wins face-off versus Niclas Bergfors in neutral zone.
12:05 of 2nd period - Snap shot by Jussi Jokinen.
12:05 of 2nd period - Goal by Jussi Jokinen - Jets : 4 - Sabres : 2.
12:06 of 2nd period - Derick Brassard wins face-off versus Mikko Koivu in neutral zone.
12:13 of 2nd period - Backhand shot by Niclas Bergfors.
12:13 of 2nd period - Stopped by Maxime Daigneault without a rebound.
12:14 of 2nd period - Mikko Koivu wins face-off versus Derick Brassard in Jets zone.
12:14 of 2nd period - Mikko Koivu is hit by Niclas Bergfors.
12:23 of 2nd period - Icing by Tom Preissing.
12:24 of 2nd period - Mikko Koivu wins face-off versus Derick Brassard in Jets zone.
12:45 of 2nd period - Wrist shot by Mikko Koivu.
12:45 of 2nd period - Stopped by Nikolai Khabibulin with a rebound.
12:47 of 2nd period - Wrist shot by Mikko Koivu.
12:47 of 2nd period - Stopped by Nikolai Khabibulin with a rebound.
12:51 of 2nd period - Wrist shot by Jussi Jokinen.
12:51 of 2nd period - Shot Misses the Net.
12:53 of 2nd period - Wrist shot by Jussi Jokinen.
12:53 of 2nd period - Shot Blocked by Nathan Paetsch.
12:55 of 2nd period - Slapshot by Marek Zidlicky.
12:55 of 2nd period - Stopped by Nikolai Khabibulin without a rebound.
12:56 of 2nd period - Derek Roy wins face-off versus Jiri Hudler in Sabres zone.
13:05 of 2nd period - Slapshot by Joni Pitkanen.
13:05 of 2nd period - Shot Blocked by Dmitri Kalinin.
13:07 of 2nd period - Slapshot by Joni Pitkanen.
13:07 of 2nd period - Stopped by Maxime Daigneault with a rebound.
13:28 of 2nd period - Snap shot by Steve Downie.
13:28 of 2nd period - Shot Misses the Net.
14:06 of 2nd period - Snap shot by Steve Downie.
14:06 of 2nd period - Deflect By Mike Fisher.
14:06 of 2nd period - Stopped by Maxime Daigneault with a rebound.
14:08 of 2nd period - Backhand shot by James Neal.
14:08 of 2nd period - Shot Misses the Net.
14:15 of 2nd period - Icing by Tom Preissing.
14:16 of 2nd period - Jiri Hudler wins face-off versus Darroll Powe in Jets zone.
14:43 of 2nd period - Icing by Tom Preissing.
14:44 of 2nd period - Derek Roy wins face-off versus Jiri Hudler in Jets zone.
14:44 of 2nd period - Derek Roy is hit by Jiri Hudler.
14:50 of 2nd period - Nathan Dempsey is hit by Derek Roy and loses puck.
15:14 of 2nd period - Minor Penalty to Dustin Brown for High sticking.
15:15 of 2nd period - Derek Roy wins face-off versus Derick Brassard in Jets zone.
15:15 of 2nd period - Derek Roy is hit by Derick Brassard.
15:26 of 2nd period - Wrist shot by Derick Brassard.
15:26 of 2nd period - Goal by Derick Brassard - Jets : 4 - Sabres : 3.
15:27 of 2nd period - Benoit Pouliot wins face-off versus Ryan Hollweg in neutral zone.
15:38 of 2nd period - Wrist shot by Derek Roy.
15:38 of 2nd period - Deflect By Benoit Pouliot.
15:38 of 2nd period - Stopped by Nikolai Khabibulin with a rebound.
16:36 of 2nd period - Snap shot by Nathan Paetsch.
16:36 of 2nd period - Deflect By Niclas Bergfors.
16:36 of 2nd period - Stopped by Maxime Daigneault without a rebound.
16:37 of 2nd period - Derick Brassard wins face-off versus Darroll Powe in Jets zone.
17:02 of 2nd period - Snap shot by Jiri Hudler.
17:02 of 2nd period - Stopped by Maxime Daigneault without a rebound.
17:03 of 2nd period - Jiri Hudler wins face-off versus Derek Roy in Jets zone.
17:04 of 2nd period - Snap shot by Kyle Calder.
17:04 of 2nd period - Shot Misses the Net.
17:06 of 2nd period - Slapshot by Tyler Sloan.
17:06 of 2nd period - Stopped by Maxime Daigneault without a rebound.
17:07 of 2nd period - Derick Brassard wins face-off versus Derek Roy in Jets zone.
17:14 of 2nd period - Snap shot by Niclas Bergfors.
17:14 of 2nd period - Stopped by Maxime Daigneault with a rebound.
17:27 of 2nd period - Derek Roy is hit by Niclas Bergfors.
17:49 of 2nd period - Snap shot by Niclas Bergfors.
17:49 of 2nd period - Shot Blocked by Marek Zidlicky.
18:37 of 2nd period - Snap shot by Derick Brassard.
18:37 of 2nd period - Stopped by Maxime Daigneault without a rebound.
18:38 of 2nd period - Greg Campbell wins face-off versus Jiri Hudler in Jets zone.
19:00 of 2nd period - Icing by Jiri Hudler.
19:01 of 2nd period - Mikko Koivu wins face-off versus Mike Fisher in Sabres zone.
19:26 of 2nd period - Joni Pitkanen is hit by Ryan Callahan and loses puck.
19:51 of 2nd period - Slapshot by Joni Pitkanen.
19:51 of 2nd period - Shot Blocked by Michal Rozsival.
Goals for this period are 2 for Jets vs 2 for Sabres.
Shots for this period are 13 for Jets vs 15 for Sabres.
3rd period
0:01 of 3rd period - Derick Brassard wins face-off versus Benoit Pouliot in neutral zone.
0:26 of 3rd period - Fredrik Sjostrom is hit by Nathan Dempsey.
1:15 of 3rd period - Ryan Callahan is hit by Ryan Hollweg and loses puck.
1:30 of 3rd period - Slapshot by Joni Pitkanen.
1:30 of 3rd period - Shot Misses the Net.
1:32 of 3rd period - Slapshot by Joni Pitkanen.
1:32 of 3rd period - Shot Blocked by Michal Rozsival.
1:54 of 3rd period - Minor Penalty to James Neal for Tripping.
1:55 of 3rd period - Niclas Bergfors wins face-off versus Derek Roy in Sabres zone.
2:23 of 3rd period - Icing by Jussi Jokinen.
2:24 of 3rd period - Derick Brassard wins face-off versus Mikko Koivu in Jets zone.
2:35 of 3rd period - Snap shot by Mikko Koivu.
2:35 of 3rd period - Shot Misses the Net.
2:37 of 3rd period - Slapshot by Marek Zidlicky.
2:37 of 3rd period - Shot Misses the Net.
2:39 of 3rd period - Wrist shot by Adam Burish.
2:39 of 3rd period - Shot Misses the Net.
2:49 of 3rd period - Marek Zidlicky is hit by Niclas Bergfors and loses puck.
3:54 of 3rd period - Penalty to James Neal is over, James Neal is back on ice.
5:01 of 3rd period - Snap shot by Greg Campbell.
5:01 of 3rd period - Shot Misses the Net.
6:26 of 3rd period - Wrist shot by Adam Burish.
6:26 of 3rd period - Stopped by Nikolai Khabibulin without a rebound.
6:27 of 3rd period - Derick Brassard wins face-off versus Derek Roy in Sabres zone.
6:57 of 3rd period - Tyler Sloan is hit by Adam Burish and loses puck.
7:47 of 3rd period - Joni Pitkanen is hit by Benoit Pouliot and loses puck.
9:17 of 3rd period - Wrist shot by Mikko Koivu.
9:17 of 3rd period - Stopped by Nikolai Khabibulin with a rebound.
9:19 of 3rd period - Wrist shot by Jussi Jokinen.
9:19 of 3rd period - Shot Misses the Net.
9:44 of 3rd period - Greg Campbell is hit by Mats Sundin and loses puck.
10:22 of 3rd period - Zbynek Michalek is hit by Steve Downie and loses puck.
10:35 of 3rd period - Tomas Kopecky is hit by Benoit Pouliot.
11:41 of 3rd period - Wrist shot by Mikko Koivu.
11:41 of 3rd period - Stopped by Nikolai Khabibulin with a rebound.
11:43 of 3rd period - Slapshot by Tom Preissing.
11:43 of 3rd period - Shot Blocked by Richard Lintner.
13:31 of 3rd period - Snap shot by Tuomo Ruutu.
13:31 of 3rd period - Stopped by Nikolai Khabibulin without a rebound.
13:32 of 3rd period - Mike Fisher wins face-off versus Derek Roy in Sabres zone.
13:53 of 3rd period - Slapshot by Tom Preissing.
13:53 of 3rd period - Shot Misses the Net.
14:17 of 3rd period - Snap shot by Fredrik Sjostrom.
14:17 of 3rd period - Stopped by Nikolai Khabibulin without a rebound.
14:18 of 3rd period - Jiri Hudler wins face-off versus Greg Campbell in Sabres zone.
14:23 of 3rd period - Fredrik Sjostrom is hit by Tomas Kopecky and loses puck.
14:34 of 3rd period - Slapshot by Zbynek Michalek.
14:34 of 3rd period - Stopped by Nikolai Khabibulin without a rebound.
14:35 of 3rd period - Derek Roy wins face-off versus Mike Fisher in Sabres zone.
14:44 of 3rd period - Slapshot by Mike Fisher.
14:44 of 3rd period - Stopped by Maxime Daigneault with a rebound.
14:46 of 3rd period - Slapshot by James Neal.
14:46 of 3rd period - Stopped by Maxime Daigneault with a rebound.
14:48 of 3rd period - Wrist shot by James Neal.
14:48 of 3rd period - Shot Misses the Net.
14:56 of 3rd period - Wrist shot by Steve Downie.
14:56 of 3rd period - Stopped by Maxime Daigneault without a rebound.
14:57 of 3rd period - Ryan Hollweg wins face-off versus Mikko Koivu in Jets zone.
15:12 of 3rd period - Wrist shot by Ryan Hollweg.
15:12 of 3rd period - Stopped by Maxime Daigneault without a rebound.
15:13 of 3rd period - Greg Campbell wins face-off versus Jiri Hudler in Jets zone.
15:13 of 3rd period - Greg Campbell is hit by Tomas Kopecky.
15:27 of 3rd period - Wrist shot by Jiri Hudler.
15:27 of 3rd period - Shot Misses the Net.
15:29 of 3rd period - Slapshot by Ole-Kristian Tollefsen.
15:29 of 3rd period - Stopped by Maxime Daigneault without a rebound.
15:30 of 3rd period - Mats Sundin wins face-off versus Derek Roy in Jets zone.
15:39 of 3rd period - Snap shot by Niclas Bergfors.
15:39 of 3rd period - Stopped by Maxime Daigneault with a rebound.
15:41 of 3rd period - Slapshot by Joni Pitkanen.
15:41 of 3rd period - Shot Misses the Net.
15:43 of 3rd period - Slapshot by Ryan Hollweg.
15:43 of 3rd period - Shot Misses the Net.
15:45 of 3rd period - Wrist shot by Ole-Kristian Tollefsen.
15:45 of 3rd period - Deflect By Niclas Bergfors.
15:45 of 3rd period - Shot Blocked by Michal Rozsival.
15:45 of 3rd period - Puck is out of play.
15:46 of 3rd period - Ryan Hollweg wins face-off versus Greg Campbell in Jets zone.
16:51 of 3rd period - Adam Burish is hit by Kyle Calder.
17:42 of 3rd period - Mike Fisher is hit by Dustin Brown and loses puck.
18:52 of 3rd period - Minor Penalty to Fredrik Sjostrom for Hooking.
18:53 of 3rd period - Derek Roy wins face-off versus Derick Brassard in Jets zone.
18:53 of 3rd period - Derek Roy is hit by Derick Brassard.
19:13 of 3rd period - Sabres, Nikolai Khabibulin is pulled from the net.
19:13 of 3rd period - Snap shot by Jiri Hudler.
19:13 of 3rd period - Stopped by Maxime Daigneault with a rebound.
19:15 of 3rd period - Snap shot by Kyle Calder.
19:15 of 3rd period - Goal by Kyle Calder - Jets : 4 - Sabres : 4.
19:15 of 3rd period - Nikolai Khabibulin from Sabres was sent back in the game.
19:16 of 3rd period - Greg Campbell wins face-off versus Mats Sundin in neutral zone.
19:19 of 3rd period - Joni Pitkanen is hit by Michal Rozsival and loses puck.
19:32 of 3rd period - Slapshot by Greg Campbell.
19:32 of 3rd period - Shot Misses the Net.
19:42 of 3rd period - Snap shot by Jussi Jokinen.
19:42 of 3rd period - Deflect By Mikko Koivu.
19:42 of 3rd period - Deflect By Niclas Bergfors.
19:42 of 3rd period - Stopped by Nikolai Khabibulin with a rebound.
19:44 of 3rd period - Slapshot by Marek Zidlicky.
19:44 of 3rd period - Shot Misses the Net.
19:46 of 3rd period - Snap shot by Jussi Jokinen.
19:46 of 3rd period - Shot Misses the Net.
19:50 of 3rd period - Wrist shot by Mikko Koivu.
19:50 of 3rd period - Stopped by Nikolai Khabibulin without a rebound.
19:51 of 3rd period - Derick Brassard wins face-off versus Greg Campbell in Sabres zone.
19:53 of 3rd period - Minor Penalty to Derick Brassard for Roughing.
19:54 of 3rd period - Niclas Bergfors wins face-off versus Derek Roy in Sabres zone.
Goals for this period are 0 for Jets vs 1 for Sabres.
Shots for this period are 8 for Jets vs 8 for Sabres.
Overtime #1
0:01 of 1st overtime period - Niclas Bergfors wins face-off versus Derek Roy in neutral zone.
0:03 of 1st overtime period - Off-side.
0:04 of 1st overtime period - Niclas Bergfors wins face-off versus Derek Roy in neutral zone.
0:47 of 1st overtime period - Dustin Brown is hit by Nathan Dempsey and loses puck.
1:00 of 1st overtime period - Snap shot by Ryan Hollweg.
1:00 of 1st overtime period - Shot Misses the Net.
1:06 of 1st overtime period - Minor Penalty to Dustin Brown for Roughing.
1:07 of 1st overtime period - Derek Roy wins face-off versus Niclas Bergfors in Jets zone.
1:14 of 1st overtime period - Wrist shot by Benoit Pouliot.
1:14 of 1st overtime period - Shot Misses the Net.
1:53 of 1st overtime period - Penalty to Derick Brassard is over, Derick Brassard is back on ice.
2:24 of 1st overtime period - Slapshot by Marek Zidlicky.
2:24 of 1st overtime period - Stopped by Nikolai Khabibulin without a rebound.
2:25 of 1st overtime period - Derek Roy wins face-off versus Niclas Bergfors in Sabres zone.
3:06 of 1st overtime period - Penalty to Dustin Brown is over, Dustin Brown is back on ice.
3:19 of 1st overtime period - Wrist shot by Benoit Pouliot.
3:19 of 1st overtime period - Stopped by Nikolai Khabibulin without a rebound.
3:20 of 1st overtime period - Niclas Bergfors wins face-off versus Fredrik Sjostrom in Sabres zone.
3:20 of 1st overtime period - Niclas Bergfors is hit by Fredrik Sjostrom.
3:25 of 1st overtime period - Off-side.
3:26 of 1st overtime period - Derek Roy wins face-off versus Niclas Bergfors in neutral zone.
3:38 of 1st overtime period - Off-side.
3:39 of 1st overtime period - Derek Roy wins face-off versus Niclas Bergfors in neutral zone.
3:48 of 1st overtime period - Wrist shot by Benoit Pouliot.
3:48 of 1st overtime period - Shot Misses the Net.
3:50 of 1st overtime period - Wrist shot by Derek Roy.
3:50 of 1st overtime period - Shot Blocked by Ryan Hollweg.
3:52 of 1st overtime period - Wrist shot by Derek Roy.
3:52 of 1st overtime period - Stopped by Nikolai Khabibulin with a rebound.
3:54 of 1st overtime period - Slapshot by Michal Rozsival.
3:54 of 1st overtime period - Deflect By Niclas Bergfors.
3:54 of 1st overtime period - Stopped by Nikolai Khabibulin without a rebound.
3:55 of 1st overtime period - Derek Roy wins face-off versus Niclas Bergfors in Sabres zone.
4:31 of 1st overtime period - Slapshot by Dustin Brown.
4:31 of 1st overtime period - Stopped by Nikolai Khabibulin with a rebound.
4:33 of 1st overtime period - Snap shot by Mikko Koivu.
4:33 of 1st overtime period - Stopped by Nikolai Khabibulin without a rebound.
4:34 of 1st overtime period - Niclas Bergfors wins face-off versus Mikko Koivu in Sabres zone.
Goals for this period are 0 for Jets vs 0 for Sabres.
Shots for this period are 6 for Jets vs 0 for Sabres.
ShootOut
5:00 of 1st overtime period - Penalty Shot by Benoit Pouliot for Jets.
5:00 of 1st overtime period - Wrist shot by Benoit Pouliot.
5:00 of 1st overtime period - Goal by Benoit Pouliot.
5:00 of 1st overtime period - Penalty Shot by Niclas Bergfors for Sabres.
5:00 of 1st overtime period - Snap shot by Niclas Bergfors.
5:00 of 1st overtime period - Stopped by Maxime Daigneault.
5:00 of 1st overtime period - Penalty Shot by Derek Roy for Jets.
5:00 of 1st overtime period - Snap shot by Derek Roy.
5:00 of 1st overtime period - Goal by Derek Roy.
5:00 of 1st overtime period - Penalty Shot by Ryan Hollweg for Sabres.
5:00 of 1st overtime period - Wrist shot by Ryan Hollweg.
5:00 of 1st overtime period - Stopped by Maxime Daigneault.
Output by the SimonT Hockey Simulator (STHS) for François Prévost -- Original Page W3C XHTML 1.0 Valid